 Dungeon Crawl Stone Soup version 0.28-a0-317-g21599a725c (webtiles) character file.

Game seed: 10061260876157769674

90 McIrco the Cutter (level 4, 0/29 HPs)
             Began as a Kobold Berserker on Sept 1, 2021.
             Was a Believer of Trog.
             Slain by a gnoll (7 damage)
             ... on level 3 of the Dungeon.
             The game lasted 00:02:38 (3073 turns).

McIrco the Cutter (Kobold Berserker)                Turns: 3073, Time: 00:02:38

Health: 0/29       AC:  3    Str: 15    XL:     4   Next: 85%
Magic:  4/4        EV: 15    Int:  8    God:    Trog [**....]
Gold:   76         SH:  0    Dex: 14    Spells: 3/3 levels left

rFire   . . .      SeeInvis .   q - +0 rapier
rCold   . . .      Faith    .   (shield restricted)
rNeg    . . .      Spirit   .   b - +0 animal skin
rPois   +          Reflect  .   i - +1 hat
rElec   .          Harm     .   (no cloak)
rCorr   .          Rampage  .   (no gloves)
Will    ++...                   (no boots)
Stlth   +++.......              (no amulet)
HPRegen 1.09/turn               h - ring of poison resistance
MPRegen 0.09/turn               (no ring)

@: strong-willed, on berserk cooldown, regenerating, slowed, very slow
A: small, no large weapons, nightstalker 3
a: Renounce Religion, Berserk, Trog's Hand


You were on level 3 of the Dungeon.
You worshipped Trog.
Trog was pleased with you.
You visited 1 branch of the dungeon, and saw 3 of its levels.

You collected 76 gold pieces.

Inventory:

Hand Weapons
 a - a +0 short sword
 q - a +0 rapier (weapon)
Missiles
 p - 2 boomerangs (quivered)
Armour
 b - a +0 animal skin (worn)
 i - a +1 hat (worn)
Jewellery
 h - a ring of poison resistance (left hand)
 j - a +6 ring of strength
Wands
 l - a wand of acid (9)
Scrolls
 d - a scroll of fear {unknown}
 e - a scroll of noise {unknown}
 g - a scroll of silence {unknown}
 k - a scroll of magic mapping {unknown}
 n - a scroll of summoning {unknown}
 o - a scroll of identify {unknown}
Potions
 c - 2 potions of curing
 f - 3 potions of haste {unknown}
 m - a potion of ambrosia {unknown}


   Skills:
 + Level 3.8 Fighting
 + Level 5.2 Short Blades
 + Level 1.7 Armour
 + Level 3.1 Dodging
 + Level 2.7 Stealth


You had 3 spell levels left.
You didn't know any spells.
Your spell library was empty.

Dungeon Overview and Level Annotations

Branches:
Dungeon (3/15)

Altars:


Innate Abilities, Weirdness & Mutations

You are small and have problems with some larger weapons.
You are completely attuned to the shadows.


Message History

You puncture the gnoll!
The gnoll is almost dead.
The gnoll hits you with a +0 spear.
You puncture the gnoll!
You kill the gnoll!
Trog accepts your kill.
The gnoll hits you from afar with a +0 spear.
* * * LOW HITPOINT WARNING * * *
You closely miss the gnoll. The gnoll closely misses you.
The gnoll hits you from afar with a +0 spear.
* * * LOW HITPOINT WARNING * * *
You closely miss the gnoll. The gnoll misses you.
You puncture the gnoll!
The gnoll is severely wounded.
The gnoll hits you from afar with a +0 spear.
* * * LOW HITPOINT WARNING * * *
You are too berserk!
You feel a strong urge to attack something.
You are no longer berserk.
You are exhausted.
You feel yourself slow down.
It was a potion of curing.
You feel better. The gnoll barely misses you.
Unknown command.
You closely miss the gnoll.
The gnoll is severely wounded.
The gnoll barely misses you. The gnoll closely misses you.
The gnoll hits you from afar with a +0 spear.
* * * LOW HITPOINT WARNING * * *
You feel better. The gnoll misses you.
The gnoll hits you from afar with a +0 spear.
The gnoll hits you with a +0 whip.
* * * LOW HITPOINT WARNING * * *
Okay, then.
Okay, then.
Unknown command.
Your skin crawls.
You feel strong-willed. The gnoll misses you.
The gnoll hits you from afar with a +0 spear!
You die...

######## #..@ggZ# #.####.#
#.# #)# ########
#.####g###### .......#
#)...#.Z.ggZ# .......#
#.##.####g...#
.......##########....#.#..#
........#..............#..#
.............######.#### .#


You could see 2 gnolls and an adder skeleton.

Vanquished Creatures
  2 gnolls (D:3)
  A worm (D:3)
  2 dart slugs
  2 ball pythons (D:1)
  7 endoplasms
  6 giant cockroaches
  3 goblins
  4 hobgoblins
  3 jackals (D:1)
  8 kobolds
  5 quokkas
  7 bats
  5 frilled lizards (D:1)
55 creatures vanquished.

Notes
Turn   | Place    | Note
-------+----------+-------------------------------------------
     0 | D:1      | McIrco the Kobold Berserker began the quest for the Orb.
     0 | D:1      | Reached XP level 1. HP: 14/14 MP: 1/1
   123 | D:1      | Reached XP level 2. HP: 19/19 MP: 2/2
   535 | D:1      | Reached XP level 3. HP: 24/24 MP: 3/3
   741 | D:1      | Reached ** piety under Trog
  1123 | D:1      | Reached skill level 1 in Stealth
  1125 | D:1      | Found a faded altar of an unknown god.
  1588 | D:2      | Reached XP level 4. HP: 29/29 MP: 4/4
  2463 | D:3      | Reached skill level 5 in Short Blades
  3065 | D:3      | HP: 2/43 [gnoll (3)]
  3073 | D:3      | Slain by a gnoll

Illustrated notes

Levels and vault maps discovered:
D:1:      elethiomel_arrival_quiet, layout_basic,
          shapermc_ecumenical_altar_acropolis
D:2:      layout_loops_ring, hangedman_decor_clover_reticule,
          corexii_item_surrounded_by_moat, minmay_tiny_reverse_x
D:3:      layout_basic, minmay_fractal_squares_gapless_5

Skill      XL: |  1  2  3  4 |
---------------+-------------+-----
Dodging        | 3 |  3.1
Stealth        | 1 2 |  2.7
Short Blades   | 5 |  5.2
Fighting       | |  3.8
Armour         | |  1.7

Action                   |  1- 3 |  4- 6 || total
-------------------------+-------+-------++-------
Melee: Short sword       |    96 |    43 ||   139
       Rapier            |       |    10 ||    10
Invok: Berserk           |     1 |     1 ||     2
       Trog's Hand       |       |     1 ||     1
  Use: Potion            |       |     2 ||     2
 Stab: Sleeping          |    15 |    10 ||    25
Armor: Animal skin       |    17 |     2 ||    19
Dodge: Dodged            |    99 |    33 ||   132

Table legend: (Time is in decaauts)
 A = Elapsed time spent in this place.
 B = Non-inter-level travel time spent in this place.
 C = Inter-level travel time spent in this place.
 D = Time resting spent in this place.
 E = Time spent auto-exploring this place.
 F = Levels seen in this place.
 G = Mean time per level.
                   A        B        C        D        E       F      G
               +--------+--------+--------+--------+--------+-----+--------+
         Total |   3062 |   2937 |    125 |      1 |   2553 |   3 | 1020.7 |
       Dungeon |   3062 |   2937 |    125 |      1 |   2553 |   3 | 1020.7 |
               +--------+--------+--------+--------+--------+-----+--------+

Top non-repeatable levels by time:
     D:1: 1454 daAuts
     D:3: 851 daAuts
     D:2: 756 daAuts
